 Dungeon Crawl Stone Soup version 0.28.0-53-g5a82cb258f (webtiles) character file.

Game seed: 13129579434580846578

4718 NotreDorf the Spear-Bearer (level 10, -10/82 HPs)
             Began as a Merfolk Gladiator on Aug 20, 2022.
             Was a Believer of Makhleb.
             Killed by the air
             ... invoked by Gastronok
              (32 damage)
             ... on level 9 of the Dungeon.
             The game lasted 00:32:08 (7199 turns).

NotreDorf the Spear-Bearer (Merfolk Gladiator)      Turns: 7199, Time: 00:32:09

Health: -10/82     AC:  9    Str: 16    XL:     10   Next: 45%
Magic:  14/14      EV: 16    Int:  7    God:    Makhleb [**....]
Gold:   305        SH:  9    Dex: 19    Spells: 14/14 levels left

rFire   . . .      SeeInvis .   a - +0 trident
rCold   . . .      Faith    .   k - +0 kite shield
rNeg    . . .      Spirit   .   p - +0 acid dragon scales
rPois   .          Reflect  .   c - +1 helmet
rElec   .          Harm     .   (no cloak)
rCorr   +          Rampage  .   (no gloves)
Will    +....                   j - +0 pair of boots
Stlth   +.........              e - amulet of regeneration
HPRegen 1.03/turn               u - ring of willpower
MPRegen 0.14/turn               (no ring)

@: studying Long Blades
A: (nimble swimmer 2), mertail
a: Renounce Religion, Minor Destruction


You were on level 9 of the Dungeon.
You worshipped Makhleb.
Makhleb was pleased with you.
You visited 2 branches of the dungeon, and saw 10 of its levels.

You collected 494 gold pieces.
You spent 189 gold pieces at shops.

Inventory:

Hand Weapons
 a - a +0 trident (weapon)
 h - a +0 halberd
Missiles
 d - 3 throwing nets (quivered)
Armour
 c - a +1 helmet (worn)
 j - a +0 pair of boots (worn)
 k - a +0 kite shield (worn)
 p - +0 acid dragon scales (worn)
Jewellery
 e - an amulet of regeneration (around neck)
 g - an amulet of guardian spirit
 u - a ring of willpower (left hand)
Wands
 n - a wand of polymorph (14)
 r - a wand of iceblast (6)
 v - a wand of digging (22)
 x - a wand of paralysis (3)
Scrolls
 m - 3 scrolls of teleportation
 q - a scroll of fog
 s - a scroll of summoning {unknown}
 t - 4 scrolls of identify
 w - a scroll of enchant armour
 y - a scroll of magic mapping {unknown}
Potions
 b - a potion of haste {unknown}
 f - 3 potions of ambrosia
 i - 3 potions of heal wounds
 l - 4 potions of flight
 o - 3 potions of invisibility {unknown}
 z - a potion of degeneration {unknown}


   Skills:
 - Level 8.8 Fighting
 - Level 11.8 Polearms
 - Level 2.0 Throwing
 - Level 10.8 Dodging
 + Level 2.5 Shields
 - Level 2.6 Spellcasting
 - Level 5.6 Invocations


You had 14 spell levels left.
You didn't know any spells.
Your spell library contained the following spells:

 Spells                   Type           Power      Damage    Failure   Level
 Animate Skeleton         Necr           0%         N/A       86%         1
 Freeze                   Ice            0%         1d3       86%         1
 Magic Dart               Conj           0%         1d3       86%         1
 Pain                     Necr           0%         1d4       86%         1
 Sandblast                Erth           0%         2d4       86%         1
 Passwall                 Tmut/Erth      0%         N/A       94%         2
 Searing Ray              Conj           0%         2d4       94%         2
 Frozen Ramparts          Ice            0%         1d2       99%         3
 Stone Arrow              Conj/Erth      0%         3d7       99%         3
 Vampiric Draining        Necr           0%         2d6       99%         3
 Fulminant Prism          Conj/Hex       0%         3d6       100%        4
 Hailstorm                Conj/Ice       0%         3d3       100%        4
 Iskenderun's Battlesphe  Conj           0%         2d6       100%        5
 Iron Shot                Conj/Erth      0%         9d1       100%        6
 Spellforged Servitor     Conj/Summ      0%         N/A       100%        7


Dungeon Overview and Level Annotations

Branches:
Dungeon (9/15)             Temple (1/1) D:6
   Lair: D:8-11         Orc: D:9-12

Altars:
Ashenzari
Dithmenos
Elyvilon
Gozag
Hepliaklqana
Kikubaaqudgha
Makhleb
Sif Muna
Xom
Yredelemnul
The Shining One

Shops:
D:4 ?

Annotations:
D:3 1 runed translucent door, Crazy Yiuf
D:9 Gastronok


Innate Abilities, Weirdness & Mutations

((You are very nimble when in or above water. (Stealth+, EV+, Speed+++)))
Your lower body shifts to a powerful aquatic tail in water.


Message History

You start putting on your armour.
You continue putting on your +0 acid dragon scales. x5
You finish putting on your +0 acid dragon scales.
You drop a +0 leather armour.
Items here: ( ))) [[ ÷.
There is a stone staircase leading up here.
Things that are here:
27 arrows; a +0 shortbow
v - a wand of digging (22) (gained 9 charges)
b - a metallic coppery potion
Items here: ( ) [ †.
Things that are here:
8 poisoned darts; a +0 whip
Things that are here:
4 stones; a +0 dagger; a kobold skeleton Gastronok is nearby!
Aiming: Paralyse
Press: ? - help, Shift-Dir - straight line, f - Gastronok
Aim: Gastronok, wearing a +2 hat of intelligence (wandering, hasn't noticed you, chance to affect: 7%) Gastronok gurgles horribly!
Gastronok resists with almost no effort.
You hit Gastronok but do no damage. Gastronok bites you!!
You hit Gastronok.
Gastronok is lightly wounded.
You puncture Gastronok!
Gastronok is lightly wounded.
Gastronok bites you!
You puncture Gastronok!
Gastronok is lightly wounded.
You puncture Gastronok!
Gastronok is moderately wounded.
Gastronok bites you!!
* * * LOW HITPOINT WARNING * * *
You barely miss Gastronok.
Gastronok is moderately wounded.
You hit Gastronok.
Gastronok is moderately wounded.
Gastronok waves his eye-stalks in wide circles.
The air twists around and strikes you!!
You die...

..###.....#..............#
####..#####.............##
###..## #####..........#
....#### #...(......#
.......###### #..........##
.#####......###...........#
## ######...............# #
######.w........#
################@.........#
...........(.....##########
.################# ##


You could see Gastronok.

Vanquished Creatures
  A shadow (D:9)
  Sigmund (D:6)
  4 yaks (D:8)
  Eustachio (D:6)
  An acid dragon (D:9)
  A water moccasin (D:6)
  4 orc warriors
  3 sky beasts
  5 necrophages
  A black bear (D:6)
  An ogre (D:3)
  A hornet zombie (D:5)
  2 centaurs
  A phantom (D:5)
  A wyvern zombie (D:8)
  2 kobold brigands
  A gnoll sergeant (D:5)
  5 scorpions
  A bullfrog (D:8)
  3 killer bees (D:9)
  5 wights (D:9)
  3 howler monkeys
  A bullfrog zombie (D:6)
  A centaur zombie (D:6)
  7 hounds
  2 orc priests
  2 bullfrog skeletons
  A centaur skeleton (D:7)
  Jessica (D:3)
  An iguana (D:4)
  3 orc wizards
  3 killer bee zombies
  A howler monkey zombie (D:5)
  4 gnolls (D:5)
  7 adders
  A shadow imp (D:5)
  An adder zombie (D:5)
  A worm (D:2)
  3 dart slugs
  26 orcs
  10 ball pythons
  8 endoplasms
  4 giant cockroaches
  6 goblins
  12 hobgoblins
  4 jackals
  5 quokkas
  5 bats
  5 frilled lizards
  18 kobolds
  25 rats
216 creatures vanquished.

Vanquished Creatures (others)
  3 fungi (D:2)
  5 plants
8 creatures vanquished.

Grand Total: 224 creatures vanquished

Notes
Turn   | Place    | Note
-------+----------+-------------------------------------------
     0 | D:1      | NotreDorf the Merfolk Gladiator began the quest for the
                  | Orb.
     0 | D:1      | Reached XP level 1. HP: 16/16 MP: 1/1
   141 | D:1      | Reached XP level 2. HP: 23/23 MP: 2/2
   310 | D:1      | Reached XP level 3. HP: 28/28 MP: 3/3
   347 | D:1      | Reached skill level 5 in Polearms
   742 | D:1      | Noticed a troll
  1106 | D:2      | Reached XP level 4. HP: 28/35 MP: 4/4
  1171 | D:2      | Reached skill level 5 in Dodging
  1374 | D:2      | Found a faded altar of an unknown god.
  1679 | D:3      | Found a white marble altar of Elyvilon.
  1679 | D:3      | Noticed an ogre
  1688 | D:3      | Killed an ogre
  1689 | D:3      | Reached skill level 6 in Polearms
  1689 | D:3      | Reached XP level 5. HP: 18/42 MP: 5/5
  2034 | D:3      | Noticed Jessica
  2040 | D:3      | Killed Jessica
  2041 | D:3      | Reached XP level 6. HP: 48/48 MP: 6/6
  2100 | D:3      | Found a runed translucent door.
  2101 | D:3      | Noticed Crazy Yiuf
  2371 | D:4      | Noticed a necrophage
  2386 | D:4      | Killed a necrophage
  2387 | D:4      | Reached skill level 7 in Polearms
  2413 | D:4      | Reached XP level 7. HP: 53/55 MP: 7/7
  2422 | D:4      | Found Annurhec's Magic Scroll Shoppe.
  2433 | D:4      | Reached skill level 5 in Fighting
  2611 | D:4      | Bought a scroll of identify for 28 gold pieces
  2611 | D:4      | Bought a scroll of fear for 49 gold pieces
  2611 | D:4      | Bought a scroll of fog for 28 gold pieces
  2611 | D:4      | Bought a scroll of identify for 28 gold pieces
  2611 | D:4      | Bought a scroll of identify for 28 gold pieces
  2611 | D:4      | Bought a scroll of identify for 28 gold pieces
  2966 | D:5      | Entered Level 5 of the Dungeon
  3073 | D:5      | Reached skill level 8 in Polearms
  3137 | D:5      | Reached skill level 1 in Spellcasting
  3275 | D:5      | Reached XP level 8. HP: 42/64 MP: 9/9
  3535 | D:5      | Found a shimmering altar of Xom.
  3537 | D:5      | Found a broken altar of Ashenzari.
  3816 | D:5      | Reached skill level 9 in Polearms
  3972 | D:6      | Found a staircase to the Ecumenical Temple.
  3980 | Temple   | Entered the Ecumenical Temple
  3998 | Temple   | Became a worshipper of Makhleb the Destroyer
  4089 | D:6      | Noticed Sigmund
  4100 | D:6      | Killed Sigmund
  4101 | D:6      | Reached skill level 1 in Invocations
  4125 | D:6      | Reached XP level 9. HP: 71/71 MP: 12/12
  4125 | D:6      | Found a hazy altar of Hepliaklqana.
  4396 | D:6      | Reached skill level 10 in Polearms
  4581 | D:6      | Noticed Eustachio
  4605 | D:6      | Killed Eustachio
  4970 | D:6      | Reached * piety under Makhleb
  5183 | D:7      | Reached skill level 10 in Dodging
  5266 | D:7      | Reached skill level 11 in Polearms
  5533 | D:8      | Found a basalt altar of Yredelemnul.
  5677 | D:8      | Found an ancient bone altar of Kikubaaqudgha.
  5744 | D:8      | Reached XP level 10. HP: 80/80 MP: 13/13
  5840 | D:8      | Reached skill level 5 in Invocations
  6429 | D:9      | Noticed Gastronok
  6724 | D:9      | Reached skill level 1 in Shields
  7037 | D:9      | Reached ** piety under Makhleb
  7199 | D:9      | Killed from afar by Gastronok

Illustrated notes

Levels and vault maps discovered:
D:1:      erik_arrival_cave_to_civilisation [erik_arrival_cave_to_temple],
          layout_loops_ring, due_unseen_surprise
D:2:      layout_rooms, shapermc_ecumenical_altar_mp_urbaneastern,
          serial_corexii_hall, chequers_hall_statues_y,
          chequers_hall_statues_corner_a, chequers_hall_statues_wall_a,
          chequers_jeans, minmay_between
D:3:      minmay_chambers_of_twos, layout_loops_ring,
          mainiacjoe_overflow_small_starburst, uniq_jessica,
          uniq_crazy_yiuf_cottage
D:4:      layout_basic, serial_shops, nicolae_inconvenience_store,
          minmay_misc_feat_columns, minivault_4, minmay_rat_hole
D:5:      layout_basic, mainiacjoe_overflow_catwalk_spiral,
          minmay_manual_monstrance
D:6:      minmay_angry_zag, layout_loops_corners, mainiacjoe_overflow_paths,
          minmay_temple_entry_arrows, uniq_sigmund, uniq_eustachio
D:7:      layout_rooms, serial_bayou_pond_d
D:8:      layout_loops_corners, nicolae_kikubaaqudgha_miasma_corner,
          mainiacjoe_overflow_brackets
D:9:      layout_rooms, uniq_gastronok
Temple:   nicolae_temple_elliptical

Skill      XL: |  1  2  3  4  5  6  7  8  9 10 |
---------------+-------------------------------+-----
Polearms       | 5 6 7 8 9 11 | 11.8
Fighting       | 3 4 5 6 8 |  8.8
Dodging        | 5 6 7 8 10 | 10.8
Spellcasting   | 1 2 |  2.6
Invocations    | 1 4 5 |  5.6
Shields        | 2 |  2.5
Throwing       | |  2.0

Action                   |  1- 3 |  4- 6 |  7- 9 | 10-12 || total
-------------------------+-------+-------+-------+-------++-------
Melee: Trident           |   116 |   160 |   167 |   143 ||   586
       Punch             |       |     3 |     3 |       ||     6
       Halberd           |       |       |   286 |    50 ||   336
Throw: Throwing net      |       |     1 |       |       ||     1
Evoke: Wand              |       |       |     4 |     3 ||     7
  Use: Scroll            |       |       |     9 |     4 ||    13
       Potion            |       |       |     1 |       ||     1
 Stab: Sleeping          |     7 |     3 |     4 |       ||    14
       Paralysed         |       |       |       |     3 ||     3
Armor: Leather armour    |    17 |    14 |    94 |    30 ||   155
Dodge: Dodged            |    61 |    99 |   292 |   121 ||   573
Block: Kite shield       |       |       |       |    51 ||    51
